 Dungeon Crawl Stone Soup version 0.31-a0-133-gaae73658be (webtiles) character file.

Game seed: 15404520616168081517

444 Ijustatesigmund the Conjurer (level 7, -6/45 HPs)
             Began as an Octopode Conjurer on June 2, 2023.
             Mangled by a scorpion (8 damage)
             ... on level 5 of the Dungeon.
             The game lasted 00:04:56 (4272 turns).

Ijustatesigmund the Conjurer (Octopode Conjurer)    Turns: 4272, Time: 00:04:56

Health: -6/45      AC:  1    Str:  6    XL:     7   Next: 3%
Magic:  13/13      EV: 13    Int: 22    God:
Gold:   155        SH:  0    Dex: 11    Spells: 7/14 levels left

rFire   . . .        j - +1 war axe (venom)
rCold   + . .        (no shield)
rNeg    . . .        (helmet restricted)
rPois   .            b - amulet of regeneration
rElec   .            e - ring of protection from cold
rCorr   .            (no ring)
SInv    .            (no ring)
Will    .....        (no ring)
Stlth   +++          (no ring)
HPRegen 1.07/turn    (no ring)
MPRegen 0.13/turn    (no ring)
                     (no ring)

%: no passive effects
@: mighty
A: almost no armour, amphibious, 8 rings, camouflage 1, gelatinous body 1,
(nimble swimmer 1), tentacles
a: no special abilities


You were on level 5 of the Dungeon.
You visited 1 branch of the dungeon, and saw 5 of its levels.

You collected 155 gold pieces.

Inventory:

Hand Weapons
 j - a +1 war axe of venom (weapon)
Armour
 l - a +0 buckler
Jewellery
 b - an amulet of regeneration (around mantle)
 e - a ring of protection from cold (left tentacle)
Wands
 h - a wand of iceblast (6)
Potions
 a - a potion of magic
 c - a potion of lignification {unknown}
 d - a potion of brilliance {unknown}
 g - a potion of cancellation
 k - a potion of mutation {unknown}


   Skills:
 - Level 2.6 Fighting
 - Level 2.5 Axes
 - Level 2.0 Dodging
 - Level 2.6 Stealth
 + Level 0.0 Shields
 + Level 4.1 Spellcasting
 - Level 4.5 Conjurations
 + Level 3.0 Translocations


You had 7 spell levels left.
You knew the following spells:

 Your Spells              Type           Power      Damage    Failure   Level
a - Magic Dart            Conj           96%        1d7       1%          1
b - Searing Ray           Conj           48%        2d6       2%          2
c - Iskenderun's Mystic   Conj/Tloc      21%        2d6       22%         4

Your spell library contained the following spells:

 Spells                   Type           Power      Damage    Failure   Level
 Dazzling Flash           Conj/Hex       28%        N/A       13%         3
 Fulminant Prism          Conj/Hex       7%         3d7       41%         4


Dungeon Overview and Level Annotations

Branches:
Dungeon (5/15)
 Temple: D:4-7

Altars:
Elyvilon
Gozag
Kikubaaqudgha
Okawaru
Qazlal
Ru
Uskayaw
Vehumet
Xom
Yredelemnul
Zin

Annotations:
D:2 Sigmund


Innate Abilities, Weirdness & Mutations

You cannot wear most types of armour.
You are amphibious.
You can wear up to eight rings at the same time.
Your skin changes colour to match your surroundings (Stealth+).
Your rubbery body absorbs attacks. (AC +1, EV +1)
((You are camouflaged when in or above water. (Stealth+)))
You have tentacles for arms and can constrict up to eight enemies at once.


Message History

The orc wizard is lightly wounded.
You hit the orc.
The orc is poisoned.
The orc closely misses you. The orc wizard closely misses you.
The orc wizard hits you with a +0 dagger.
The orc misses you.
Okay, then.
Okay, then.
You hit the orc but do no damage.
The orc looks even sicker.
Your grab misses the orc. Your squeeze misses the orc.
The orc is heavily wounded.
You closely miss the scorpion. You closely miss the orc wizard.
The scorpion barely misses you. The orc hits you with a +0 dagger.
The orc wizard barely misses you.
You barely miss the orc. Your grab misses the orc.
You squeeze the orc, but do no damage.
The orc is severely wounded.
You hit the orc wizard. You closely miss the scorpion.
You kill the orc!
The scorpion stings you!
The orc wizard hits you with a +0 dagger.
The scorpion stings you!
The orc priest hits you with a +0 flail.
The orc wizard gestures at you while chanting.
The magic dart hits you!
* * * LOW HITPOINT WARNING * * *
As you read the scroll of teleportation, it crumbles to dust.
You feel strangely unstable. The scorpion closely misses you.
The orc priest barely misses you. The orc wizard casts a spell at you.
The magic dart hits you.
* * * LOW HITPOINT WARNING * * *
It was a potion of cancellation.
You feel strangely stable.
You feel magically purged. The scorpion misses you.
The orc wizard hits you with a +0 dagger.
* * * LOW HITPOINT WARNING * * *
It was a potion of might.
You feel very mighty all of a sudden. The scorpion stings you!
You die...

... ##........# ......
##......## ......####
##....###.
.........#####..#.....
..................####
..............####
..........####
###so...## #o@.###
#..Fo### #...# #..#
#.# #. #


You could see a bullfrog, a scorpion, an orc priest, an orc wizard and an orc.

Vanquished Creatures
  An ogre (D:5)
  A scorpion (D:4)
  2 hounds
  A jelly (D:4)
  A sleepcap (D:4)
  3 gnolls (D:3)
  5 adders
  4 dart slugs
  19 orcs
  2 endoplasms
  2 giant cockroaches
  9 goblins
  3 hobgoblins
  12 jackals
  7 kobolds
  A quokka (D:1)
  6 ball pythons
  A bat (D:3)
  4 frilled lizards
  A rat (D:1)
85 creatures vanquished.

Notes
Turn   | Place    | Note
-------+----------+-------------------------------------------
     0 | D:1      | Ijustatesigmund the Octopode Conjurer began the quest for
                  | the Orb.
     0 | D:1      | Reached XP level 1. HP: 11/11 MP: 3/3
   182 | D:1      | Reached XP level 2. HP: 16/18 MP: 3/5
   193 | D:1      | Reached skill level 1 in Fighting
   586 | D:1      | Reached XP level 3. HP: 23/23 MP: 4/6
   589 | D:1      | Learned a level 2 spell: Searing Ray
  1378 | D:2      | Noticed Sigmund
  1712 | D:3      | Reached XP level 4. HP: 29/29 MP: 4/8
  1790 | D:3      | Learned a level 4 spell: Iskenderun's Mystic Blast
  2562 | D:3      | Reached skill level 1 in Translocations
  2607 | D:3      | Found a glowing silver altar of Zin.
  2608 | D:3      | Found a stormy altar of Qazlal.
  2612 | D:3      | Found a basalt altar of Yredelemnul.
  2614 | D:3      | Found a shimmering altar of Xom.
  2614 | D:3      | Found a sacrificial altar of Ru.
  2614 | D:3      | Found a hide-covered altar of Uskayaw.
  2614 | D:3      | Found an iron altar of Okawaru.
  2615 | D:3      | Found a radiant altar of Vehumet.
  2616 | D:3      | Found an ancient bone altar of Kikubaaqudgha.
  2617 | D:3      | Found a white marble altar of Elyvilon.
  2618 | D:3      | Found an opulent altar of Gozag.
  2819 | D:4      | Noticed a scorpion
  2824 | D:3      | Reached XP level 5. HP: 35/35 MP: 0/9
  3339 | D:4      | Reached skill level 1 in Axes
  3339 | D:4      | Reached XP level 6. HP: 40/41 MP: 11/11
  3976 | D:5      | Entered Level 5 of the Dungeon
  3981 | D:5      | Reached XP level 7. HP: 6/45 MP: 7/13
  4271 | D:5      | HP: 1/45 [orc wizard/+0 dagger (3)]
  4272 | D:5      | Mangled by a scorpion

Illustrated notes

Levels and vault maps discovered:
D:1:      kennysheep_arrival_seaside, layout_loops_cross, minmay_ruptured
D:2:      layout_basic, shapermc_ecumenical_altar_hornbeckon, minmay_tromino_i2,
          uniq_sigmund
D:3:      layout_loops_corners, minitemple
D:4:      layout_basic
D:5:      minmay_opposing_rooms, layout_cave_pods, lightli_corner_chamber

Skill      XL: |  1  2  3  4  5  6 |
---------------+-------------------+-----
Fighting       | 1 2 |  2.6
Spellcasting   | 3 4 |  4.1
Translocations | 1 2 3 |  3.0
Axes           | 1 2 |  2.5
Dodging        | |  2.0
Stealth        | |  2.6
Conjurations   | |  4.5

Action                     |  1- 3 |  4- 6 |  7- 9 || total
---------------------------+-------+-------+-------++-------
  Melee: Unarmed           |    16 |       |       ||    16
         Constrict         |     5 |    24 |       ||    29
         Tentacles         |     4 |    18 |     2 ||    24
         Punch             |     1 |     1 |       ||     2
         Spear             |       |    24 |       ||    24
         War axe           |       |    60 |     3 ||    63
   Cast: Magic Dart        |    52 |    24 |       ||    76
         Searing Ray       |       |     5 |     1 ||     6
    Use: Scroll            |     2 |     4 |     1 ||     7
         Potion            |       |       |     2 ||     2
   Stab: Sleeping          |       |     5 |       ||     5
 Armour: Skin              |     2 |     9 |       ||    11
  Dodge: Dodged            |    11 |    78 |    11 ||   100

Table legend: (Time is in decaauts)
 A = Elapsed time spent in this place.
 B = Non-inter-level travel time spent in this place.
 C = Inter-level travel time spent in this place.
 D = Time resting spent in this place.
 E = Time spent auto-exploring this place.
 F = Levels seen in this place.
 G = Mean time per level.
                   A        B        C        D        E       F      G
               +--------+--------+--------+--------+--------+-----+--------+
         Total |   4301 |   4102 |    199 |   1116 |   2521 |   5 |  860.2 |
       Dungeon |   4301 |   4102 |    199 |   1116 |   2521 |   5 |  860.2 |
               +--------+--------+--------+--------+--------+-----+--------+

Top non-repeatable levels by time:
     D:3: 1645 daAuts
     D:1: 1099 daAuts
     D:4: 1028 daAuts
     D:2: 374 daAuts
     D:5: 154 daAuts
